 Dungeon Crawl Stone Soup version 0.20-a0-891-ga2611f4 (webtiles) character file.

35 Denreik the Stinger (level 3, 0/24 HPs)
             Began as a Formicid Venom Mage on Mar 16, 2017.
             Slain by a hornet zombie (13 damage)
             ... on level 5 of the Dungeon.
             The game lasted 00:02:41 (354 turns).

Denreik the Stinger (Formicid Venom Mage)            Turns: 354, Time: 00:02:42

Health: 0/24       AC:  2    Str: 12    XL:     3   Next: 52%
Magic:  6/6        EV: 12    Int: 15    God:
Gold:   11         SH:  0    Dex: 11    Spells: 2/6 levels left

rFire    . . .     SeeInvis +   g - +0 war axe
rCold    . . .     Gourm    .   a - +0 robe
rNeg     . . .     Faith    .   (no shield)
rPois    .         Spirit   .   (helmet unavailable)
rElec    .         Reflect  .   (no cloak)
rCorr    .         Harm     .   (no gloves)
MR       .....                  (no boots)
Stlth    ++........             (no amulet)
Regen    0.1/turn               (no ring)
MPRegen  0.1/turn               e - ring of see invisible

@: no status effects
A: permanent stasis, dig shafts and tunnels, four strong arms, antennae 3
a: Dig, Shaft Self


You were on level 5 of the Dungeon.
You were not hungry.

You visited 1 branch of the dungeon, and saw 5 of its levels.

You collected 11 gold pieces.

Inventory:

Hand Weapons
 g - a +0 war axe (weapon)
Armour
 a - a +0 robe (worn)
 f - a cursed +0 plate armour
Jewellery
 e - a ring of see invisible (left hand)
Scrolls
 h - a scroll of identify {unknown}
 i - a scroll of magic mapping {unknown}
 j - a scroll of immolation {unknown}
Books
 b - a Young Poisoner's Handbook

   Spells                             Type                      Level
   a - Sting                          Conjuration/Poison           1
   b - Poisonous Vapours              Poison/Air                   2
   c - Mephitic Cloud                 Conjuration/Poison/Air       3
   d - Olgreb's Toxic Radiance        Poison                       4
   e - Venom Bolt                     Conjuration/Poison           5
Comestibles
 c - a bread ration
 d - 4 chunks of flesh


   Skills:
 - Level 1.7 Dodging
 * Level 2.7 Stealth
 - Level 2.1 Spellcasting
 - Level 0.8 Conjurations
 * Level 5.5 Poison Magic


You had 2 spell levels left.
You knew the following spells:

 Your Spells              Type           Power        Failure   Level  Hunger
a - Sting                 Conj/Pois      ##..         8%          1    #......
b - Mephitic Cloud        Conj/Pois/Air  #.......     30%         3    ###....


Dungeon Overview and Level Annotations

Branches:
Dungeon (3/15)

Altars:


Innate Abilities, Weirdness & Mutations

You cannot be hasted, slowed, berserked, paralysed or teleported.
You can dig through walls and to a lower floor.
Your four strong arms can wield two-handed weapons with a shield.
You have a pair of large antennae on your head. (SInv)


Message History

You start memorising the spell.
You continue memorising. x3
You finish memorising.
Spell assigned to 'b'.
Casting: Sting
Confirm with . or Enter, or press ? or * to list all spells.
You can't see any susceptible monsters within range! (Use Z to cast anyway.) Unknown command.
Casting: Sting
Confirm with . or Enter, or press ? or * to list all spells.
You can't see any susceptible monsters within range! (Use Z to cast anyway.) Unknown command.
Some of the chunks of flesh in your inventory have rotted away.
Casting: Sting
Confirm with . or Enter, or press ? or * to list all spells.
You can't see any susceptible monsters within range! (Use Z to cast anyway.) Unknown command.
You slash the hornet zombie!
The hornet zombie is lightly damaged.
The hornet zombie hits you! x2
Ouch! That really hurt!
You die...

.# # .# #.# #. .#
#.# .### Z. #.# ..#
.# #.# #.# .# #.#
#.###.###<# #.#
#.....@Z..# #.#
#####.##### #.# ##.#
..# ##..#
..###########...####
...................+
..###########......#
.....# ##..##.#
#.##.# #..# .#


You could see a hornet zombie.

Vanquished Creatures
  A hound (D:4)
  An orc (D:3)
  A goblin (D:2)
  A hobgoblin (D:1)
  A rat (D:2)
5 creatures vanquished.

Notes
Turn   | Place    | Note
-------+----------+-------------------------------------------
     0 | D:1      | Denreik the Formicid Venom Mage began the quest for the Orb.
     0 | D:1      | Reached XP level 1. HP: 13/13 MP: 3/3
    39 | D:1      | You fall through a shaft!
   148 | D:2      | You fall through a shaft!
   176 | D:3      | You fall through a shaft!
   176 | D:4      | Noticed a hound
   181 | D:4      | Killed a hound
   181 | D:4      | Reached skill level 5 in Poison Magic
   181 | D:4      | Reached XP level 2. HP: 19/19 MP: 0/5
   181 | D:4      | Reached XP level 3. HP: 24/24 MP: 0/6
   182 | D:4      | Noticed a scorpion
   208 | D:4      | You fall through a shaft!
   208 | D:5      | Entered Level 5 of the Dungeon
   349 | D:5      | Learned a level 3 spell: Mephitic Cloud
   354 | D:5      | Slain by a hornet zombie

Vault maps used:
D:1:      elethiomel_arrival_quiet, minmay_tromino_v4_b
D:2:      supply_closet_lemuel
D:3:      overflow_temple_1_default, kennysheep_generic_room_10,
          uniq_crazy_yiuf_cottage
D:4:      first_bread
D:5:      kennysheep_mini_moat, fiery_altar_vehumet, grunt_temple_overflow_open

Skill      XL: |  1 |
---------------+----+-----
Poison Magic   | 5 |  5.5
Dodging        | |  1.7
Stealth        | |  2.7
Spellcasting   | |  2.1
Conjurations   | |  0.8

Action                   || total
-------------------------++-------
Melee: War axe           ||     3
 Cast: Sting             ||    14
 Abil: Shaft Self        ||     4
Dodge: Dodged            ||     2
